 Dungeon Crawl Stone Soup version 0.30.1-9-gdf580d7c3d (webtiles) character file.

Game seed: 15814557601262734038

1073 Peloso the Slasher (level 8, -3/105 HPs)
             Began as a Minotaur Fighter on Oct 6, 2023.
             Frozen to death by an endoplasm (4 damage)
             ... on level 4 of the Dungeon.
             The game lasted 00:07:12 (2918 turns).

Peloso the Slasher (Minotaur Fighter)               Turns: 2918, Time: 00:07:13

Health: -3/105     AC: 24    Str: 28    XL:     8   Next: 7%
Magic:  7/7        EV:  2    Int:  5    God:
Gold:   260        SH:  9    Dex: 11    Spells: 7/7 levels left

rFire   + . .        a - +0 long sword
rCold   . . .        d - +0 kite shield
rNeg    . . .        w - melded +0 chain mail
rPois   +            (helmet currently unavailable)
rElec   .            c - melded +0 cloak
rCorr   .            (gloves currently unavailable)
SInv    .            l - melded +0 pair of boots
Will    .....        (no amulet)
Stlth   +            k - +6 ring of strength
HPRegen 0.37/turn    o - ring of protection from fire
MPRegen 0.10/turn

%: no passive effects
@: brilliant, tree-form, hasted, invisible, very quick
A: stationary, stasis, torment immunity, boosted hp, (horns 2), (retaliatory
headbutt)
a: no special abilities


You were on level 4 of the Dungeon.
You were a tree.
You visited 1 branch of the dungeon, and saw 4 of its levels.

You collected 260 gold pieces.

Inventory:

Hand Weapons
 a - a +0 long sword (weapon)
 b - a +2 whip of flaming
Missiles
 e - a throwing net (quivered)
Armour
 c - a +0 cloak (melded)
 d - a +0 kite shield (worn)
 l - a +0 pair of boots (melded)
 w - a +0 chain mail (melded)
Jewellery
 k - a +6 ring of strength (left branch)
 o - a ring of protection from fire (right branch)
 y - a ring of positive energy
Wands
 r - a wand of iceblast (5)
Scrolls
 f - a scroll of acquirement
 i - a scroll of teleportation {unknown}
 m - 2 scrolls of enchant weapon {unknown}
 p - 3 scrolls of enchant armour {unknown}
 u - a scroll of immolation {unknown}
 v - 2 scrolls of identify
 x - a scroll of magic mapping {unknown}
Potions
 h - a potion of might


   Skills:
 + Level 5.7 Fighting
 + Level 6.8 Long Blades
 + Level 6.2 Armour
 + Level 3.1 Dodging
 + Level 0.4 Stealth
 + Level 6.1 Shields


You had 7 spell levels left.
You didn't know any spells.
Your spell library contained the following spells:

 Spells                   Type           Power      Damage    Failure   Level
 Blink                    Tloc           0%         N/A       82%         2
 Ensorcelled Hibernation  Hex/Ice        0%         N/A       82%         2
 Lesser Beckoning         Tloc           0%         N/A       82%         2
 Momentum Strike          Conj/Tloc      0%         3d8       82%         2
 Passwall                 Tmut/Erth      0%         N/A       82%         2
 Swiftness                Air            0%         N/A       96%         3


Dungeon Overview and Level Annotations

Branches:
Dungeon (4/15)
 Temple: D:4-7

Altars:
Cheibriados

Shops:
D:3 =


Innate Abilities, Weirdness & Mutations

You are a tree.
Your roots penetrate the ground, keeping you stationary.
You cannot be teleported.
You are immune to unholy pain and torment.
Your maximum health is greatly increased.
Your equipment is partially melded.
((You have a pair of horns on your head.))
((You reflexively headbutt those who attack you in melee.))


Message History

The orc hits you but does no damage.
Unknown command.
You cannot move. (Use ctrl+direction or * direction to attack while stationary and confused.) Unknown command.
You cannot move. (Use ctrl+direction or * direction to attack while stationary and confused.) Unknown command.
You cannot move. (Use ctrl+direction or * direction to attack while stationary and confused.) Unknown command.
You cannot move. (Use ctrl+direction or * direction to attack while stationary and confused.) Unknown command.
You cannot move. (Use ctrl+direction or * direction to attack while stationary and confused.) Unknown command.
You are too injured to fight recklessly!
You are too injured to fight recklessly!
You nearly hit yourself!
The orc hits you but does no damage. x2
Something hits you but does no damage. The orc hits you but does no damage.
You hit the orc.
The orc is almost dead.
You feel sick.
You swing at nothing.
You feel sick. The orc hits you but does no damage.
You swing at nothing.
You feel sick.
You are no longer poisoned.
The orc hits you but does no damage. The orc barely misses you.
You swing at nothing.
The orc hits you but does no damage. The orc barely misses you.
The endoplasm freezes you.
* * * LOW HITPOINT WARNING * * *
A puff of flame appears from out of thin air!
The puff of flame hits the orc!
The orc dies!
The orc hits you but does no damage.
You swing at nothing.
The orc hits you but does no damage. The endoplasm hits you.
* * * LOW HITPOINT WARNING * * *
The orc wizard hits you but does no damage.
You swing at nothing.
You feel less confused. You block the orc's attack. The endoplasm freezes you.
You die...

...#...##.....#######
...#...........#
....#
...#...o.J.....# ....
..##....o......# ...
####....o......# ..
....##...##'# .#
....##+####.##.####..
#..... #..o.o....>.
##..... #{.)♣.......
#o..... #..Jo.......
########...# ..# ..


You could see an orc wizard (unable to see you), 2 orcs and an endoplasm.

Vanquished Creatures
  Pikel (D:4)
  An ogre (D:4)
  2 phantoms (D:4)
  3 scorpions (D:4)
  A hound (D:4)
  Robin (D:4)
  A gnoll (D:4)
  8 adders
  A shadow imp (D:4)
  A worm (D:3)
  4 dart slugs
  5 orcs
  9 ball pythons
  10 endoplasms
  3 giant cockroaches
  13 goblins
  10 hobgoblins
  4 quokkas
  3 bats
  3 frilled lizards
  11 kobolds
  4 rats
99 creatures vanquished.

Vanquished Creatures (others)
  An orc (D:4)
1 creature vanquished.

Grand Total: 100 creatures vanquished

Notes
Turn   | Place    | Note
-------+----------+-------------------------------------------
     0 | D:1      | Peloso the Minotaur Fighter began the quest for the Orb.
     0 | D:1      | Reached XP level 1. HP: 19/19 MP: 0/0
   234 | D:1      | Reached XP level 2. HP: 27/27 MP: 1/1
   864 | D:1      | Identified a scroll of acquirement
  1124 | D:2      | Reached XP level 3. HP: 33/33 MP: 2/2
  1380 | D:2      | Reached XP level 4. HP: 40/40 MP: 3/3
  1763 | D:3      | Found Lorigh's Jewellery Shop.
  1923 | D:3      | Reached skill level 1 in Dodging
  1962 | D:3      | Reached XP level 5. HP: 47/47 MP: 4/4
  2021 | D:3      | Found a snail-covered altar of Cheibriados.
  2176 | D:4      | Noticed Robin
  2216 | D:4      | Killed Robin
  2309 | D:4      | Noticed a phantom
  2309 | D:4      | Noticed a phantom
  2335 | D:4      | Killed a phantom
  2336 | D:4      | Killed a phantom
  2337 | D:4      | Reached skill level 5 in Armour
  2337 | D:4      | Reached XP level 6. HP: 31/55 MP: 5/5
  2462 | D:4      | Noticed Pikel
  2498 | D:4      | Killed Pikel
  2499 | D:4      | Reached skill level 5 in Fighting
  2499 | D:4      | Reached skill level 5 in Shields
  2499 | D:4      | Reached XP level 7. HP: 41/61 MP: 6/6
  2852 | D:4      | Reached XP level 8. HP: 70/70 MP: 7/7
  2911 | D:4      | HP: 5/105 [poisoned by an orc wizard]
  2916 | D:4      | HP: 2/105 [frozen (2)]
  2918 | D:4      | Frozen to death by an endoplasm

Illustrated notes

Levels and vault maps discovered:
D:1:      dpeg_arrival_rhombi, layout_loops_ring, serial_bayou_pond_c,
          st_stairs_14
D:2:      layout_loops_cross
D:3:      layout_loops_ring, cheibriados_altar_1, serial_shops, shop
D:4:      minmay_chambers_of_fours, layout_gridville, grunt_gozag_breadcrumbs,
          uniq_pikel, uniq_robin

Skill      XL: |  1  2  3  4  5  6  7 |
---------------+----------------------+-----
Armour         | 4 5 6 |  6.2
Long Blades    | 3 4 6 |  6.8
Shields        | 4 5 6 |  6.1
Fighting       | 4 5 |  5.7
Dodging        | 1 2 3 |  3.1
Stealth        | |  0.4

Action                     |  1- 3 |  4- 6 |  7- 9 || total
---------------------------+-------+-------+-------++-------
  Melee: Long sword        |    78 |   137 |    37 ||   252
         Headbutt          |    12 |    17 |     6 ||    35
    Use: Scroll            |     2 |     1 |       ||     3
         Potion            |       |       |     6 ||     6
 Armour: Scale mail        |    35 |    58 |       ||    93
         Chain mail        |       |    11 |    16 ||    27
         Skin              |       |       |    24 ||    24
  Dodge: Dodged            |    46 |    73 |    16 ||   135
  Block: Buckler           |     6 |       |       ||     6
         Kite shield       |     9 |    84 |    21 ||   114
